 Dungeon Crawl Stone Soup version 0.16-a0-327-gbff0e38 (webtiles) character file.

542 PolkaDot the Caller (level 7, 0/46 HPs)
             Began as a Vampire Summoner on Sept 4, 2014.
             Slain by casual's ghost (2 damage)
             ... on Level 4 of the Dungeon.
             The game lasted 00:14:45 (3301 turns).

PolkaDot the Caller (Vampire Summoner)              Turns: 3301, Time: 00:14:45

HP   0/46        AC  4     Str  7      XL: 7   Next:  6%
MP   1/15        EV 10     Int 19      God:
Gold 171         SH  0     Dex 14      Spells:  4 memorised,  3 levels left

rFire  x . .     SeeInvis +     a - +1 dagger (drain)
rCold  + . .     Clarity  .     t - +0 leather armour
rNeg   . . .     rCorr    .     (no shield)
rPois  .         rRot     .     (helmet restricted)
rElec  .         Spirit   .     p - +0 cloak
SustAb .         Warding  .     (no gloves)
rMut   .         Stasis   .     (no boots)
Gourm  .                        (no amulet)
MR     .....                    m - ring of flight
                                i - ring of ice

@: regenerating quickly, not resistant to hostile enchantments, unstealthy
A: bottle blood, antennae 2, fangs 3, see invisible, unbreathing, placid magic 1
a: Bottle Blood, Evoke Flight


You were on level 4 of the Dungeon.
You were very full.

You visited 1 branch of the dungeon, and saw 4 of its levels.

You collected 171 gold pieces.

Inventory:

Hand weapons
 a - a +1 dagger of draining (weapon)
 o - a +3 short sword
Armour
 p - a +0 cloak (worn)
 t - a +0 leather armour (worn)
Magical devices
 j - a wand of cold (8) {unknown}
 s - a wand of disintegration (1)
Scrolls
 c - a scroll of noise
 e - a scroll of random uselessness {unknown}
 f - a scroll of blinking {unknown}
 g - a scroll of fear {unknown}
 n - a scroll of teleportation
 q - a scroll of enchant armour {unknown}
 r - a scroll of remove curse
Jewellery
 d - a cursed amulet of inaccuracy {unknown}
 i - a ring of ice (left hand)
 m - a ring of flight (right hand)
Books
 b - a book of Callings

   Spells                             Type                      Level
   *Summon Small Mammal               Summoning                    1
   *Call Imp                          Summoning                    2
   *Call Canine Familiar              Summoning                    3
   *Summon Guardian Golem             Hexes/Summoning              4
   Summon Lightning Spire             Summoning/Air                4
   Summon Ice Beast                   Ice/Summoning                4


   Skills:
 - Level 2.1 Dodging
 - Level 3.0 Stealth
 * Level 3.9 Spellcasting
 - Level 3.1 Hexes
 + Level 7.2 Summonings


You had 3 spell levels left.
You knew the following spells:

 Your Spells              Type           Power        Failure   Level  Hunger
a - Summon Small Mammal   Summ           ###.         1%          1    None
d - Call Canine Familiar  Summ           ###.....     1%          3    ###....
g - Summon Guardian Gole  Hex/Summ       ###.....     9%          4    ####...
s - Call Imp              Summ           ###.....     1%          2    #......


Dungeon Overview and Level Annotations

Branches:
Dungeon (4/15)
 Temple: D:4-7

Altars:
Gozag
Makhleb

Annotations:
D:4 casual's ghost, experienced TrTm


Innate Abilities, Weirdness & Mutations

Your natural rate of healing is unusually fast.
You can bottle blood from corpses.
You have razor-sharp teeth.
You have supernaturally acute eyesight.
You can survive without breathing.
You have a pair of antennae on your head.
Your spells are a little easier to cast, but a little less powerful.


Message History

The worker ant bites you but does no damage.
Casual's ghost completely misses you.
Your crimson imp hits casual's ghost.
Your hound bites the worker ant.
You hit casual's ghost but do no damage.
Casual's ghost is moderately damaged.
The worker ant bites you but does no damage.
Your hound bites the worker ant.
Your crimson imp misses casual's ghost.
Casual's ghost hits you but does no damage.
The worker ant bites you but does no damage.
Your crimson imp hits casual's ghost.
You hit casual's ghost but do no damage.
Casual's ghost is moderately damaged.
You feel less woody.
Your +0 cloak unmelds from your body.
Your +0 leather armour unmelds from your body.
Your guardian golem disappears in a puff of smoke!
Your hound bites the worker ant but does no damage.
Your crimson imp closely misses casual's ghost.
Casual's ghost hits you.
You die...

...... .......
........# .........#
..........# #
...........# .#
.......5..###.###
#....>..Wa......###
####..5@§h........
#....<#.........
#.##.....#.##.##.##
..%.................
#.######.#.#.####.#
# #.#.#.# ..#.# #
####'# ...


You could see a worker ant, casual's ghost, a friendly hound and 2 friendly
crimson imps.

Vanquished Creatures
  An ice beast (D:3)
  An ogre (D:4)
  An orc wizard (D:3)
  4 adders
  A giant gecko (D:4)
  8 orcs (D:3)
  6 hobgoblins
  11 bats
  2 giant cockroaches
  3 giant newts
  7 goblins
  7 kobolds
  9 rats
61 creatures vanquished.

Vanquished Creatures (collateral kills)
  Grinder (D:3)
  A scorpion (D:3)
  2 orc priests (D:3)
  4 adders
  3 worms
  An ooze (D:1)
  3 orcs (D:3)
  3 bats
18 creatures vanquished.

Vanquished Creatures (others)
  3 hounds
  A shadow imp (D:3)
  A quokka (D:1)
5 creatures vanquished.

Grand Total: 84 creatures vanquished

Notes
Turn   | Place    | Note
--------------------------------------------------------------
     0 | D:1      | PolkaDot, the Vampire Summoner, began the quest for the Orb.
     0 | D:1      | Reached XP level 1. HP: 13/13 MP: 3/3
   314 | D:1      | Reached XP level 2. HP: 4/19 MP: 0/4
   377 | D:1      | Learned a level 2 spell: Call Imp
   897 | D:2      | Found a burning altar of Makhleb.
   908 | D:2      | Reached XP level 3. HP: 22/24 MP: 0/6
   913 | D:2      | Learned a level 3 spell: Call Canine Familiar
  1467 | D:2      | Reached skill level 5 in Summonings
  1819 | D:3      | Reached XP level 4. HP: 30/30 MP: 8/8
  1947 | D:3      | Noticed an ice beast
  1977 | D:3      | Killed an ice beast
  1977 | D:3      | Reached XP level 5. HP: 18/35 MP: 1/11
  1983 | D:3      | Learned a level 4 spell: Summon Guardian Golem
  2055 | D:3      | Found an opulent altar of Gozag.
  2331 | D:3      | Reached skill level 6 in Summonings
  2464 | D:3      | Noticed Grinder
  2467 | D:3      | Paralysed by Grinder for 5 turns
  2510 | D:3      | Killed Grinder
  2510 | D:3      | Reached XP level 6. HP: 22/41 MP: 2/12
  2710 | D:3      | Reached skill level 7 in Summonings
  2964 | D:3      | Noticed a scorpion
  3008 | D:3      | Killed a scorpion
  3262 | D:4      | Gained mutation: You have a pair of small antennae on your head. [potion of mutation]
  3262 | D:4      | Gained mutation: You have a pair of antennae on your head. [potion of mutation]
  3262 | D:4      | Gained mutation: Your spells are a little easier to cast, but a little less powerful. [potion of mutation]
  3265 | D:4      | Noticed casual's ghost (experienced TrTm)
  3288 | D:4      | HP: 3/61 [casual's ghost (8)]
  3291 | D:4      | Reached XP level 7. HP: 4/46 MP: 4/15
  3295 | D:4      | HP: 1/69 [casual's ghost (4)]
  3301 | D:4      | Slain by casual's ghost

Action                   |  1- 3 |  4- 6 |  7- 9 || total
-------------------------+-------+-------+-------++-------
Melee: Dagger            |    75 |    50 |     8 ||   133
       Unarmed           |    14 |       |       ||    14
       Short sword       |    33 |   105 |       ||   138
 Cast: Summon Small Mamm |     4 |       |       ||     4
       Call Imp          |     9 |    11 |     1 ||    21
       Call Canine Famil |       |     8 |     1 ||     9
       Summon Guardian G |       |     5 |       ||     5
  Use: Potion            |     1 |     7 |       ||     8
       Scroll            |       |     6 |       ||     6
 Stab: Sleeping          |     8 |     3 |       ||    11
       Distracted        |     1 |       |       ||     1
  Eat: Corpse            |    18 |    15 |       ||    33
